 Dungeon Crawl Stone Soup version 0.18-a0-1643-gb89d9db (webtiles) character file.

856 Ijustatesigmund the Covert (level 8, -1/48 HPs)
             Began as a Kobold Assassin on Mar 28, 2016.
             Was an Initiate of Cheibriados.
             Succumbed to Duvessa's poison
             ... on level 6 of the Dungeon.
             The game lasted 00:17:41 (5958 turns).

Ijustatesigmund the Covert (Kobold Assassin)        Turns: 5958, Time: 00:17:42

Health: -1/48      AC: 11    Str:  8 (10) XL:     8   Next: 22%
Magic:  9/9        EV: 17    Int:  9 (10) God:    Cheibriados [......]
Gold:   263        SH:  0    Dex: 19 (21) Spells: 0 memorised, 7 levels left

rFire  . . .     SeeInvis .     q - +1 short sword (protect)
rCold  . . .     Gourm    .     f - +2 robe {MR+}
rNeg   . . .     Faith    .     (shield restricted)
rPois  .         Spirit   .     (no helmet)
rElec  .         Dismiss  .     d - +1 cloak
rCorr  .         Reflect  .     (no gloves)
SustAt .         Harm     .     (no boots)
MR     ++...                    (no amulet)
Stlth  +++++.....               (no ring)
                                a - ring of protection from magic

@: lethally poisoned (-1 -> -33), very slightly contaminated, very slow, very
resistant to hostile enchantments, quite stealthy
A: carnivore 3
a: Bend Time, Renounce Religion


You were on level 6 of the Dungeon.
You worshipped Cheibriados.
Cheibriados was noncommittal.
You were not hungry.

You visited 2 branches of the dungeon, and saw 7 of its levels.

You collected 263 gold pieces.

Inventory:

Hand Weapons
 b - a +0 blowgun
 i - a +0 vampiric dagger
 q - a +1 short sword of protection (weapon)
Missiles
 e - 22 poisoned needles
 s - 15 tomahawks (quivered)
Armour
 c - a +0 robe
 d - a +1 cloak (worn)
 f - a +2 robe of magic resistance (worn)
 h - a +2 robe of positive energy
Jewellery
 a - a ring of protection from magic (left hand)
Wands
 x - a wand of acid (8/15)
Scrolls
 t - a scroll of enchant armour
Potions
 j - 2 potions of flight
 o - a potion of mutation {unknown}
 w - a potion of brilliance
Comestibles
 g - 5 meat rations
 p - a slice of pizza
 u - a beef jerky


   Skills:
 + Level 4.6 Fighting
 + Level 6.2 Short Blades
 * Level 3.6 Throwing
 - Level 4.1 Dodging
 - Level 8.0 Stealth
 + Level 2.2 Invocations


You had 7 spell levels left.
You didn't know any spells.

Dungeon Overview and Level Annotations

Branches:
Dungeon (6/15)             Temple (1/1) D:4

Altars:
Ashenzari
Cheibriados
Dithmenos
Elyvilon
Kikubaaqudgha
Makhleb
Nemelex Xobeh
Okawaru
Pakellas
Qazlal
Sif Muna
Trog
Vehumet
Yredelemnul
Zin
The Shining One

Annotations:
D:6 Dowan, Duvessa


Innate Abilities, Weirdness & Mutations

You are small and have problems with some larger weapons.
You are carnivorous and can eat meat at any time.


Message History

Duvessa misses you.
* * * LOW HITPOINT WARNING * * *
You feel sick.
Duvessa hits you with a rapier of venom.
* * * LOW HITPOINT WARNING * * *
You are more poisoned.
You hit Duvessa.
Duvessa is almost dead.
* * * LOW HITPOINT WARNING * * *
You feel sick. Duvessa hits you but does no damage.
You completely miss Duvessa.
Duvessa is almost dead.
* * * LOW HITPOINT WARNING * * *
You feel sick.
Duvessa hits you with a rapier of venom.
* * * LOW HITPOINT WARNING * * *
You are more poisoned.
You hit Duvessa but do no damage.
Duvessa is almost dead.
You die...

**,,**,,********,,**,,*,,,,
*,,,#...<,,,,,*,,,,,,,*,,,,
*******,,#....,,,,,*,,,,,,,**,,*
**,,,,**,,+....,,,,,******,,**,,*
*,,,,,,*,,*#..#*,,,,**,,**,,,,,,*
*,,,,,,+,,*#..#####+#*,,,,,,,,,,,
**,,,**#***#..##....#*,,,,,,,,,,,
,,,,,*##..##........#,,,,,,,**,,,
,,,,,,#.......ee@<..#,,,,,,,****,
,,,,,,+...###'##....#*,,**,,,* **
,,,,,*######..##....#*****,,,*
#######...##..##..>.#*,,*,,,,*
#....##e...e..##...>#*,,*,,,,*
......(.e.....[.....#*,,***+****
..........(.........#*,,***,,,,*
#.######..##..##.....+,,,,,,,,**
### *#..##..#*....,*,,,,,,,,*


You could see Duvessa and Dowan.

Vanquished Creatures
  Sigmund (D:3)
  3 ogres
  A jelly (D:5)
  A hound (D:6)
  4 orc priests (D:3)
  An iguana (D:5)
  A worker ant (D:5)
  2 orc wizards
  A worker ant zombie (D:3)
  5 adders
  An ooze (D:1)
  An adder skeleton (D:5)
  2 worms
  2 dart slugs (D:2)
  5 giant geckos
  15 orcs
  A ball python (D:3)
  2 giant cockroaches
  7 hobgoblins
  8 jackals
  3 quokkas
  3 bats
  6 giant newts
  6 kobolds
  3 rats
85 creatures vanquished.

Notes
Turn   | Place    | Note
--------------------------------------------------------------
     0 | D:1      | Ijustatesigmund the Kobold Assassin began the quest for the Orb.
     0 | D:1      | Reached XP level 1. HP: 12/12 MP: 1/1
   106 | D:1      | Reached XP level 2. HP: 11/17 MP: 2/2
   900 | D:2      | Reached skill level 6 in Stealth
   900 | D:2      | Reached XP level 3. HP: 16/21 MP: 3/3
  1809 | D:2      | Reached XP level 4. HP: 26/26 MP: 4/4
  2459 | D:3      | Reached XP level 5. HP: 31/31 MP: 5/5
  2523 | D:3      | Noticed Sigmund
  2549 | D:3      | Killed Sigmund
  2549 | D:3      | Reached skill level 5 in Short Blades
  2549 | D:3      | Reached skill level 7 in Stealth
  2549 | D:3      | Reached XP level 6. HP: 37/37 MP: 6/6
  3225 | D:3      | Reached XP level 7. HP: 35/41 MP: 7/7
  3630 | D:4      | Found a staircase to the Ecumenical Temple.
  3650 | Temple   | Entered the Ecumenical Temple
  3694 | Temple   | Became a worshipper of Cheibriados the Contemplative
  4139 | D:4      | Reached skill level 8 in Stealth
  4326 | D:5      | Entered Level 5 of the Dungeon
  4336 | D:5      | Reached skill level 1 in Invocations
  4811 | D:5      | HP: 3/66 [acid (8)]
  5157 | D:5      | HP: 1/44 [ogre/giant club (30)]
  5160 | D:5      | Reached XP level 8. HP: 1/48 MP: 9/9
  5887 | D:6      | Noticed Duvessa
  5887 | D:6      | Noticed Dowan
  5957 | D:6      | HP: 1/48 [Duvessa/rapier of venom (5)]
  5958 | D:6      | Succumbed to Duvessa's poison

Vault maps used:
D:1:      dpeg_arrival_more_subterranean_lakeside_camping
D:2:      dk_noncrumbling_4
D:3:      uniq_sigmund
D:4:      temple_hall, first_bread
D:6:      nicolae_ru_sacrificial_ziggurat, basic_altar, uniq_pikel, uniq_edmund,
          uniq_duvessa
Temple:   nicolae_temple_elliptical

Skill      XL: |  1  2  3  4  5  6  7 |
---------------+----------------------+-----
Short Blades   | 3 4 5 6 |  6.2
Stealth        | 6 7 8 |  8.0
Fighting       | 3 4 |  4.6
Dodging        | 2 3 4 |  4.1
Invocations    | 2 |  2.2
Throwing       | 3 |  3.6

Action                   |  1- 3 |  4- 6 |  7- 9 || total
-------------------------+-------+-------+-------++-------
Melee: Dagger            |   162 |    72 |       ||   234
       Short sword       |     7 |    72 |   197 ||   276
 Fire: Blowgun           |       |    12 |    32 ||    44
Throw: Throwing net      |       |     1 |     2 ||     3
  Use: Scroll            |     7 |     3 |     9 ||    19
       Potion            |       |     4 |     7 ||    11
 Stab: Sleeping          |     5 |     8 |     5 ||    18
       Distracted        |       |     1 |       ||     1
       Invisible         |       |     1 |       ||     1
  Eat: Chunk             |    12 |     5 |     8 ||    25
